 Seeded DCSS version 0.30-a0-371-gad7725a93e (webtiles) character file.

Game seed: 4139312654047781886 (custom seed)

634 purpskrrrp the Covert (level 7, -1/40 HPs)
             Began as a Kobold Brigand on Nov 22, 2022.
             Was a Priest of Cheibriados.
             Slain by a yak (6 damage)
             ... on level 4 of the Dungeon.
             The game lasted 00:05:06 (3414 turns).

purpskrrrp the Covert (Kobold Brigand)              Turns: 3414, Time: 00:05:07

Health: -1/40      AC:  6    Str: 14    XL:     7   Next: 79%
Magic:  7/7        EV: 18    Int: 18    God:    Cheibriados [***...]
Gold:   163        SH:  0    Dex: 25    Spells: 6/6 levels left

rFire   . . .      SeeInvis .    a - +3 dagger
rCold   . . .      Faith    .    (no shield)
rNeg    . . .      Spirit   .    b - +0 robe
rPois   .          Reflect  .    (no helmet)
rElec   .          Harm     .    f - scarf {shadows}
rCorr   .          Rampage  .    (no gloves)
Will    .....                    (no boots)
Stlth   ++++++....               (no amulet)
HPRegen 0.26/turn                v - +4 ring of protection
MPRegen 0.10/turn                j - ring of flight

@: mighty, flying, very slow
A: small, no large weapons, nightstalker 3
a: Renounce Religion, Bend Time, Temporal Distortion


You were on level 4 of the Dungeon.
You worshipped Cheibriados.
Cheibriados was most pleased with you.
You visited 1 branch of the dungeon, and saw 4 of its levels.

You collected 163 gold pieces.

Inventory:

Hand Weapons
 a - a +3 dagger (weapon)
Missiles
 d - 13 poisoned darts
 e - 3 curare-tipped darts
Armour
 b - a +0 robe (worn)
 c - a +0 cloak
 f - a scarf of shadows (worn)
Jewellery
 j - a ring of flight (right hand)
 v - a +4 ring of protection (left hand)
 z - a ring of positive energy
Wands
 p - a wand of flame (25)
 x - a wand of polymorph (10)
Scrolls
 h - a scroll of magic mapping
 l - 2 scrolls of amnesia
 n - a scroll of enchant weapon
Potions
 g - a potion of ambrosia {unknown}
 i - a potion of heal wounds {unknown}
 k - 2 potions of curing
 o - a potion of magic
 s - a potion of degeneration
 u - a potion of mutation {unknown}
 w - a potion of invisibility {unknown}
 A - 2 potions of berserk rage {unknown}


   Skills:
 - Level 2.1 Fighting
 + Level 5.9 Short Blades
 - Level 2.1 Throwing
 + Level 4.2 Dodging
 * Level 9.8 Stealth


You had 6 spell levels left.
You didn't know any spells.
Your spell library contained the following spells:

 Spells                   Type           Power      Damage    Failure   Level
 Frozen Ramparts          Ice            0%         1d1       54%         3
 Hailstorm                Conj/Ice       0%         3d3       54%         3
 Ice Form                 Ice/Tmut       0%         N/A       91%         4
 Summon Ice Beast         Ice/Summ       0%         N/A       91%         4
 Simulacrum               Ice/Necr       0%         N/A       100%        6


Dungeon Overview and Level Annotations

Branches:
Dungeon (4/15)
 Temple: D:4-7

Altars:
Cheibriados
Vehumet

Shops:
D:2 (


Innate Abilities, Weirdness & Mutations

You are small and have problems with some larger weapons.
You are completely attuned to the shadows.


Message History

The helpless yak fails to defend itself.
You perforate the yak like a sieve!!!!
You kill the yak!
Cheibriados appreciates the change of pace.
Your Stealth skill increases to level 9!
You have reached level 7!
A yak comes into view.
The yak closely misses you. The yak barely misses you.
The helpless yak fails to defend itself.
You stick the yak like a pincushion!!!
You kill the yak!
Cheibriados appreciates the change of pace.
The yak misses you.
Your Dodging skill increases to level 4!
The yak completely misses you.
The yak bellows!
You see here 6 stones.
The yak attacks as you move away! The yak closely misses you.
You hear a bellow!
You hear a shout!
The yak completely misses you.
A yak comes into view.
You hit the yak but do no damage. The yak barely misses you. The yak gores you!
A goblin comes into view. It is wielding a +0 dagger.
Okay, then.
You feel very mighty all of a sudden. The yak gores you but does no damage.
The yak closely misses you. The yak gores you but does no damage.
The yak gores you! The yak completely misses you. The yak gores you!
The yak closely misses you. The goblin attacks as you move away!
The goblin completely misses you.
Okay, then.
This is a scroll of acquirement!
Something appears at your feet! The yak gores you.
* * * LOW HITPOINT WARNING * * *
The yak completely misses you. x2; The goblin hits you but does no damage.
Okay, then.
The goblin attacks as you move away! The goblin barely misses you.
The yak closely misses you. The yak gores you!
* * * LOW HITPOINT WARNING * * *
The yak gores you.
You die...

####.##.###..
............
....(.......
............
....<.......
............ ####
....#######.
###.g######....###.###.
....YY@..........#...#.
.....Y†..........#...#.
....(............'.....
.................#..#..
.................#.....
###..##..####......#.#.
#.. ###...###.#.
....###...##
..#........#


You could see 3 yaks and a goblin.

Vanquished Creatures
  3 yaks (D:4)
  2 jellies
  An orc wizard (D:3)
  A gnoll (D:1)
  4 adders
  6 orcs (D:3)
  7 ball pythons
  7 bats
  9 endoplasms
  4 giant cockroaches
  4 goblins
  2 hobgoblins
  3 jackals (D:1)
  2 kobolds
  4 quokkas
  A frilled lizard (D:2)
  9 rats
69 creatures vanquished.

Notes
Turn   | Place    | Note
-------+----------+-------------------------------------------
     0 | D:1      | purpskrrrp the Kobold Brigand began the quest for the Orb.
     0 | D:1      | Reached XP level 1. HP: 12/12 MP: 1/1
   223 | D:1      | Reached XP level 2. HP: 14/17 MP: 2/2
   353 | D:1      | Reached skill level 6 in Stealth
   353 | D:1      | Reached XP level 3. HP: 21/21 MP: 3/3
   381 | D:1      | Found a faded altar of an unknown god.
   990 | D:1      | Prayed at the altar of an unknown god.
   990 | D:1      | Became a worshipper of Cheibriados the Contemplative
   990 | D:1      | Reached * piety under Cheibriados
  1046 | D:2      | Identified the +1 leather armour of the Swamp {Harm Rampage
                  | Str+4 Slay+2}
  1155 | D:2      | Found Cueng's Weapon Shoppe.
  1271 | D:2      | Reached XP level 4. HP: 26/26 MP: 4/4
  1790 | D:2      | Found a radiant altar of Vehumet.
  2092 | D:3      | Reached skill level 7 in Stealth
  2272 | D:3      | Reached ** piety under Cheibriados
  2313 | D:3      | Reached XP level 5. HP: 5/30 MP: 5/5
  3235 | D:4      | Reached skill level 8 in Stealth
  3307 | D:4      | Reached XP level 6. HP: 35/35 MP: 6/6
  3397 | D:4      | Noticed a yak
  3399 | D:4      | Noticed a yak
  3399 | D:4      | Noticed a yak
  3400 | D:4      | Killed a yak
  3400 | D:4      | Reached *** piety under Cheibriados
  3401 | D:4      | Reached skill level 5 in Short Blades
  3402 | D:4      | Noticed a yak
  3403 | D:4      | Killed a yak
  3404 | D:4      | Reached skill level 9 in Stealth
  3404 | D:4      | Reached XP level 7. HP: 40/40 MP: 7/7
  3404 | D:4      | Noticed a yak
  3406 | D:4      | Killed a yak
  3408 | D:4      | Noticed a yak
  3413 | D:4      | Identified a scroll of acquirement
  3413 | D:4      | Acquired the ring of the Shimmering Gods {rF++ rN+ MP+9
                  | Stlth-}
  3414 | D:4      | Slain by a yak

Illustrated notes

Levels and vault maps discovered:
D:1:      zaba_arrival_water, layout_basic, hellmonk_ecumenical_altar_run_dry,
          minivault_4
D:2:      layout_basic, basic_altar, serial_shops, shop
D:3:      layout_rooms
D:4:      layout_gridville, minmay_temple_entry_slanted, dreamdust_wishing_well

Skill      XL: |  1  2  3  4  5  6  7 |
---------------+----------------------+-----
Short Blades   | 3 4 5 |  5.9
Stealth        | 6 7 8 9 |  9.8
Dodging        | 2 3 4 |  4.2
Fighting       | |  2.1
Throwing       | |  2.1

Action                   |  1- 3 |  4- 6 |  7- 9 || total
-------------------------+-------+-------+-------++-------
Melee: Dagger            |    45 |    88 |     2 ||   135
       Punch             |     1 |       |       ||     1
Throw: Dart              |     2 |       |       ||     2
  Use: Potion            |       |     3 |     1 ||     4
       Scroll            |       |     8 |     1 ||     9
 Stab: Sleeping          |    18 |    19 |     1 ||    38
Armor: Robe              |     4 |    17 |     3 ||    24
Dodge: Dodged            |    13 |    41 |    15 ||    69

Table legend: (Time is in decaauts)
 A = Elapsed time spent in this place.
 B = Non-inter-level travel time spent in this place.
 C = Inter-level travel time spent in this place.
 D = Time resting spent in this place.
 E = Time spent auto-exploring this place.
 F = Levels seen in this place.
 G = Mean time per level.
                   A        B        C        D        E       F      G
               +--------+--------+--------+--------+--------+-----+--------+
         Total |   4296 |   4127 |    169 |    222 |   3473 |   4 | 1074.0 |
       Dungeon |   4296 |   4127 |    169 |    222 |   3473 |   4 | 1074.0 |
               +--------+--------+--------+--------+--------+-----+--------+

Top non-repeatable levels by time:
     D:2: 1466 daAuts
     D:3: 1221 daAuts
     D:1: 1039 daAuts
     D:4: 568 daAuts
